 Dungeon Sprint DCSS version 0.16-a0-77-g708f960 (webtiles) character file.

29843 zercules the Executioner (level 13, -26/134 HPs)
             Began as a Minotaur Berserker on Aug 8, 2014.
             Was the Champion of Trog.
             Killed from afar by a pearl dragon (31 damage)
             ... with a blast of cleansing flame
             ... in the Dungeon (Sprint V: "Ziggurat Sprint").
             The game lasted 00:45:10 (1998 turns).

zercules the Executioner (Minotaur Berserker)       Turns: 1998, Time: 00:45:10

HP -26/134       AC 43     Str 30      XL: 13   Next: 17%
MP  22/22        EV  8     Int 14      God: Trog [******]
Gold 0           SH  9     Dex 12      Spells:  0 memorised, 12 levels left

rFire  + . .     SeeInvis +     p - +14 obsidian axe {chop, +Fly Str+3 SInv Curse}
rCold  + . .     Clarity  +     q - +15 Maxwell's patent armour {rC+ rF+, -Cast -Tele MR+}
rNeg   + . .     rCorr    .     L - +2 buckler {AC+3} (curse)
rPois  .         rRot     .     H - +2 hat
rElec  .         Spirit   .     (no cloak)
SustAb .         Warding  .     (no gloves)
rMut   .         NoTele   +     Q - +2 pair of boots {+Jump}
Gourm  .         NoCast   +     P - amulet "Siot" {Clar Str+2 Int+3}
MR     ++++.                    U - ring "Didoroto" {Int+5 Slay+4}
                                R - ring of Ufipt {Wiz rN+ MR+ Str+2 Slay+2}

@: mesmerised, very slightly contaminated, regenerating, hasted, glowing,
studying Shields, very quick, incredibly resistant to hostile enchantments,
extremely unstealthy
A: retaliatory headbutt, horns 2
a: Burn Spellbooks, Berserk, Trog's Hand, Brothers in Arms, Renounce Religion,
Evoke Flight, Evoke Jump Attack


You were in the Dungeon.
You worshipped Trog.
Trog was exalted by your worship.
You were not hungry.

You visited 1 branch


Innate Abilities, Weirdness & Mutations

You reflexively headbutt those who attack you in melee.
You have a pair of horns on your head.


   Skills:
 + Level 17.6 Fighting
 - Level 23.6 Axes
 - Level 21.1 Armour
 - Level 2.1 Dodging
 - Level 11.8 Shields
 - Level 9.4 Evocations


You had 12 spell levels left.
You didn't know any spells.

Dungeon Overview and Level Annotations

Branches:
Dungeon (1/1)

Altars:
Ashenzari
Cheibriados
Dithmenos
Elyvilon
Fedhas
Gozag
Kikubaaqudgha
Makhleb
Nemelex Xobeh
Okawaru
Qazlal
Sif Muna
Trog
Vehumet
Xom
Yredelemnul
Zin
The Shining One
Beogh
Jiyva
Lugonu

Inventory:

Hand weapons
 p - the cursed +14 obsidian axe (weapon) {chop, +Fly Str+3 SInv Curse}
   (You found it in the Dungeon)

   It inflicts extra damage upon your enemies.
   It affects your strength (+3).
   It enhances your eyesight.
   It lets you fly.
   It may recurse itself when equipped.
   It has a curse placed upon it.
Missiles
 I - 12 poisoned javelins (quivered)
Armour
 q - the +15 Maxwell's patent armour (worn) {rC+ rF+, -Cast -Tele MR+}
   (You found it in the Dungeon)

   It affects your resistance to hostile enchantments.
   It prevents spellcasting.
   It prevents most forms of teleportation.
 H - a +2 hat (worn)
 L - a cursed +2 buckler of protection (worn)
   (You took it off a vampire mage in the Dungeon)
 Q - a +2 pair of boots of jumping (worn)
   (You found it in the Dungeon)
Magical devices
 j - a wand of disintegration (7)
 k - a wand of fire (5)
 l - a wand of cold (5)
 m - a wand of draining (5)
Comestibles
 c - 5 bread rations
 n - 42 fruits
 o - 2 meat rations
Scrolls
 i - 4 scrolls of blinking
 r - 3 scrolls of recharging
 s - 5 scrolls of fog
 u - 3 scrolls of identify {@r9}
 v - 5 scrolls of remove curse {@r8}
 G - 2 scrolls of enchant armour
 M - 4 scrolls of enchant weapon
 W - 2 scrolls of brand weapon
Jewellery
 b - the ring of the Republic {+Inv Int+2}
   (You found it in the Dungeon)

   [ring of invisibility]

   It affects your intelligence (+2).
   It lets you turn invisible.
 t - an uncursed ring of protection from cold
 y - a +6 ring of dexterity
 F - a +6 ring of dexterity
 J - an uncursed ring of protection from magic
 P - the amulet "Siot" (around neck) {Clar Str+2 Int+3}
   (You found it in the Dungeon)

   [amulet of clarity]

   It provides mental clarity.
   It affects your strength (+2).
   It affects your intelligence (+3).
 R - the ring of Ufipt (left hand) {Wiz rN+ MR+ Str+2 Slay+2}
   (You found it in the Dungeon)

   [ring of wizardry]

   It improves your spell success rate.
   It affects your strength (+2).
   It affects your accuracy and damage with ranged weapons and melee attacks
   (+2).
   It protects you from negative energy.
   It affects your resistance to hostile enchantments.
 S - an uncursed ring of protection from cold
 U - the ring "Didoroto" (right hand) {Int+5 Slay+4}
   (You found it in the Dungeon)

   [ring of intelligence]

   It affects your intelligence (+5).
   It affects your accuracy and damage with ranged weapons and melee attacks
   (+4).
 V - an uncursed ring of regeneration
Potions
 d - 8 potions of curing {@q1}
 f - 8 potions of haste {@q3}
 g - 7 potions of magic
 h - 3 potions of berserk rage
 x - 2 potions of brilliance
 z - 3 potions of resistance
 B - 4 potions of agility
 C - 6 potions of might
 D - 2 potions of invisibility
 E - 2 potions of restore abilities
Books
 T - a manual of Shields {!d}
Miscellaneous
 a - a disc of storms
 A - a stone of tremors
 N - a phial of floods
 X - a stone of tremors
Rods
 O - a +0 rod of destruction (11/11) {!a}
   (You found it in the Dungeon)

   | )=)[

) #........ ........(..
#.)......
.............#...))...
#.............#..#.....
#.((((........#.#.#...#
#.............#..#.....
..#..AE(..#..#........
# #.#DYD..#.# #########
#..#.$@C3..#..#....8^8.
#....$$4......#...=....
#...$(........#...|:34.
###############........
#........ #.....)..
#........ #....|)).
#..#.)...


You could see an apis (roused), 2 pearl dragons, a cherub (roused), a friendly
stone giant (berserk), a friendly ice devil, a friendly orange demon and a
friendly earth elemental.


Message History

Here: an apis (blue smoke, lightly wounded, inspired to greatness, mesmerising, haloed)
A +5 quarterstaff of protection.
There is something else lying underneath.
The floor.
Unknown command.
Unknown command.
Unknown command.
Unknown command.
Unknown command.
Unknown command.
You slice the pearl dragon!!
The pearl dragon is moderately wounded.
You hit the apis but do no damage.
The apis is lightly wounded.
Visions of slaying the pearl dragon flood into your mind.
The ophan harnesses the cleansing power of fire!
The bolt of fire hits your stone giant. The bolt of fire hits you! You resist.
* * * LOW HITPOINT WARNING * * *
The pearl dragon bites you.
* * * LOW HITPOINT WARNING * * *
The pearl dragon claws you but does no damage.
You slash the pearl dragon! You open a gate to Pandemonium!
The pearl dragon is heavily wounded.
You slice the apis!!
The apis is heavily wounded.
You closely miss the pearl dragon.
The pearl dragon is lightly wounded.
You block the apis' attack.
The pearl dragon bites you but does no damage.
The pearl dragon claws you but does no damage.
The pearl dragon bites you but does no damage.
The pearl dragon closely misses you.
Drink which item? (? for menu, Esc to quit)
You feel much better.
Visions of slaying the apis flood into your mind.
The cherub sings a powerful hymn!
The pearl dragon is roused by the hymn!
Your stone giant hits the ophan!!!
The pearl dragon bites you but does no damage.
The pearl dragon claws you but does no damage.
The apis gores you.
* * * LOW HITPOINT WARNING * * *
The pearl dragon completely misses you. You block the pearl dragon's attack.
Your earth elemental hits the pearl dragon!!
Your orange demon is engulfed in blessed fire.
Your orange demon stings the pearl dragon from afar.
Drink which item? (? for menu, Esc to quit)
You feel yourself speed up.
Your stone giant hits the ophan!!
The pearl dragon breathes holy energy at you.
The blast of cleansing flame hits you!
* * * LOW HITPOINT WARNING * * *
You block the pearl dragon's attack.
The pearl dragon claws you but does no damage.
The apis gores you!
* * * LOW HITPOINT WARNING * * *
Your stone giant hits the ophan.
The ophan dies!
Trog accepts your collateral kill.
Your orange demon is engulfed in blessed fire.
You are very lightly contaminated with residual magic.
Drink which item? (? for menu, Esc to quit)
You feel much better.
Visions of slaying the pearl dragon flood into your mind.
You are engulfed in blessed fire.
The pearl dragon bites you but does no damage.
The pearl dragon claws you!!
* * * LOW HITPOINT WARNING * * *
The pearl dragon breathes holy energy at you.
The blast of cleansing flame hits you!
You die...

Action                   |  1- 3 |  4- 6 |  7- 9 | 10-12 | 13-15 || total
-------------------------+-------+-------+-------+-------+-------++-------
Melee: Broad axe         |     2 |     1 |    57 |   122 |     7 ||   189
Throw: Javelin           |       |       |     1 |       |     2 ||     3
Invok: Burn Spellbooks   |       |       |     2 |     4 |     1 ||     7
       Brothers in Arms  |       |       |       |     4 |     2 ||     6
       Trog's Hand       |       |       |       |     2 |     1 ||     3
       Berserk           |       |       |       |     1 |       ||     1
Evoke: Stone of tremors  |       |       |       |       |     1 ||     1
  Use: Potion            |     1 |       |     4 |     5 |     7 ||    17
       Scroll            |       |       |     3 |    10 |       ||    13
 Stab: Distracted        |       |       |       |     2 |       ||     2
  Eat: Meat ration       |       |       |       |     1 |     1 ||     2

Vault maps used:
D:        sprint_v

Notes
Turn   | Place    | Note
--------------------------------------------------------------
     0 | D        | zercules, the Minotaur Berserker, began the quest for the Orb.
     0 | D        | Reached XP level 1. HP: 19/19 MP: 1/1
     0 | D        | Found an ancient bone altar of Kikubaaqudgha.
     1 | D        | Found a basalt altar of Yredelemnul.
     1 | D        | Found an iron altar of Okawaru.
     2 | D        | Found a radiant altar of Vehumet.
     3 | D        | Found a burning altar of Makhleb.
     3 | D        | Found a shimmering altar of Xom.
    16 | D        | Found a deep blue altar of Sif Muna.
    17 | D        | Found a sparkling altar of Nemelex Xobeh.
    18 | D        | Found a bloodstained altar of Trog.
    18 | D        | Found a white marble altar of Elyvilon.
    19 | D        | Found a corrupted altar of Lugonu.
    21 | D        | Found a roughly hewn altar of Beogh.
   117 | D        | Entered arena 1.
   117 | D        | Noticed a deep elf summoner
   117 | D        | Noticed a deep elf fighter
   118 | D        | Reached skill level 9 in Axes
   118 | D        | Reached XP level 2. HP: 26/26 MP: 1/1
   120 | D        | Killed a deep elf summoner
   120 | D        | Reached skill level 13 in Axes
   120 | D        | Reached skill level 11 in Armour
   120 | D        | Reached XP level 3. HP: 31/31 MP: 2/2
   120 | D        | Reached XP level 4. HP: 39/39 MP: 2/2
   120 | D        | Reached XP level 5. HP: 45/45 MP: 2/2
   120 | D        | Reached XP level 6. HP: 51/51 MP: 3/3
   121 | D        | Killed a deep elf fighter
   121 | D        | Acquired Trog's second power
   121 | D        | Reached skill level 14 in Axes
   121 | D        | Reached XP level 7. HP: 57/57 MP: 3/3
   131 | D        | Got the ring of the Republic {+Inv Int+2}
   138 | D        | Entered arena 2.
   138 | D        | Noticed a draconian
   138 | D        | Noticed a draconian
   138 | D        | Noticed a draconian
   143 | D        | Killed a draconian
   143 | D        | Reached skill level 15 in Axes
   143 | D        | Reached skill level 13 in Armour
   147 | D        | Killed a draconian
   147 | D        | Reached skill level 16 in Axes
   147 | D        | Reached XP level 8. HP: 59/64 MP: 3/3
   150 | D        | Killed a draconian
   150 | D        | Reached skill level 14 in Armour
   157 | D        | Acquired Trog's third power
   220 | D        | Entered arena 3.
   220 | D        | Noticed a golden eye
   220 | D        | Noticed a slime creature
   220 | D        | Noticed a golden eye
   226 | D        | Killed a golden eye
   226 | D        | Reached skill level 15 in Armour
   228 | D        | Killed a golden eye
   228 | D        | Reached skill level 17 in Axes
   229 | D        | Killed a slime creature
   229 | D        | Reached XP level 9. HP: 64/70 MP: 4/4
   267 | D        | Entered arena 4.
   267 | D        | Noticed a crimson imp
   267 | D        | Noticed an iron imp
   267 | D        | Noticed a quasit
   269 | D        | Killed a quasit
   271 | D        | Killed an iron imp
   274 | D        | Killed a crimson imp
   294 | D        | Entered arena 5.
   294 | D        | Noticed a necrophage
   294 | D        | Noticed a necrophage
   294 | D        | Noticed a phantom
   299 | D        | Killed a necrophage
   300 | D        | Killed a necrophage
   300 | D        | Reached skill level 16 in Armour
   301 | D        | Killed a phantom
   315 | D        | Entered arena 6.
   315 | D        | Noticed a black bear
   315 | D        | Noticed a wolf
   315 | D        | Noticed a wolf
   315 | D        | Noticed a spriggan rider
   315 | D        | Noticed a wolf
   315 | D        | Noticed a black bear
   320 | D        | Killed a wolf
   320 | D        | Reached skill level 18 in Axes
   321 | D        | Killed a spriggan
   321 | D        | Received a gift from Trog
   321 | D        | Killed a wolf
   322 | D        | Killed a wolf
   322 | D        | Received a gift from Trog
   322 | D        | Killed a black bear
   323 | D        | Killed a black bear
   324 | D        | Killed a yellow wasp
   324 | D        | Reached skill level 17 in Armour
   349 | D        | Received a gift from Trog
   365 | D        | Entered arena 7.
   365 | D        | Noticed an orc priest
   365 | D        | Noticed an orc warrior
   365 | D        | Noticed an orc priest
   365 | D        | Noticed an orc wizard
   365 | D        | Noticed an orc wizard
   365 | D        | Noticed an orc wizard
   370 | D        | Killed an orc wizard
   374 | D        | Killed an orc priest
   378 | D        | Killed an orc priest
   378 | D        | Received a gift from Trog
   381 | D        | Killed an orc wizard
   384 | D        | Killed an orc warrior
   389 | D        | Killed an orc wizard
   413 | D        | Received a gift from Trog
   416 | D        | Entered arena 8.
   416 | D        | Noticed a spriggan
   416 | D        | Noticed a spriggan
   416 | D        | Noticed a spriggan
   416 | D        | Noticed a spriggan rider
   416 | D        | Noticed a spriggan
   416 | D        | Noticed a wolf
   416 | D        | Noticed a black bear
   421 | D        | Killed a spriggan
   422 | D        | Killed a wolf
   422 | D        | Reached skill level 19 in Axes
   423 | D        | Killed a black bear
   427 | D        | Killed a spriggan
   427 | D        | Reached XP level 10. HP: 52/77 MP: 4/4
   429 | D        | Killed a spriggan
   432 | D        | Killed a spriggan
   434 | D        | Killed a yellow wasp
   434 | D        | Reached skill level 18 in Armour
   434 | D        | Killed a spriggan
   438 | D        | Received a gift from Trog
   457 | D        | Entered arena 9.
   457 | D        | Noticed an iguana
   457 | D        | Noticed an iguana
   457 | D        | Noticed a wolf
   457 | D        | Noticed a porcupine
   457 | D        | Noticed an iguana
   461 | D        | Killed a porcupine
   464 | D        | Killed a wolf
   465 | D        | Killed an iguana
   466 | D        | Received a gift from Trog
   466 | D        | Killed an iguana
   469 | D        | Killed an iguana
   476 | D        | Received a gift from Trog
   491 | D        | Got the amulet "Siot" {Clar Str+2 Int+3}
   514 | D        | Entered arena 10.
   514 | D        | Noticed a wight
   514 | D        | Noticed a necrophage
   514 | D        | Noticed a wight
   514 | D        | Noticed a phantom
   518 | D        | Killed a wight
   518 | D        | Killed a wight
   518 | D        | Killed a phantom
   523 | D        | Killed a necrophage
   547 | D        | Entered arena 11.
   547 | D        | Noticed a troll
   547 | D        | Noticed an orc high priest
   547 | D        | Noticed a warg
   547 | D        | Noticed an orc knight
   547 | D        | Noticed an orc warrior
   547 | D        | Noticed an orc warlord
   548 | D        | Noticed an orc sorcerer
   551 | D        | Killed a warg
   551 | D        | Reached skill level 20 in Axes
   554 | D        | Killed an orc sorcerer
   556 | D        | Noticed a sixfirhy
   559 | D        | Killed a troll
   559 | D        | Received a gift from Trog
   561 | D        | Killed a sixfirhy
   562 | D        | Killed an orc high priest
   562 | D        | Reached skill level 19 in Armour
   564 | D        | Killed an orc knight
   566 | D        | Killed an orc warrior
   566 | D        | Killed an orc warlord
   585 | D        | Received a gift from Trog
   585 | D        | Received a gift from Trog
   585 | D        | Received a gift from Trog
   586 | D        | Got a smoking battleaxe {god gift}
   587 | D        | Identified the +8 battleaxe "Phuogh" {freeze, rF+ MR+} (Trog gifted it to you in the Dungeon)
   592 | D        | Got an ebony battleaxe {god gift}
   606 | D        | Got the ring of Ufipt {Wiz rN+ MR+ Str+2 Slay+2}
   843 | D        | Identified the -1 battleaxe "Frenol" {elec, rElec rC+} (Trog gifted it to you in the Dungeon)
   845 | D        | Entered arena 12.
   845 | D        | Noticed a vampire
   845 | D        | Noticed a ghoul
   845 | D        | Noticed a necromancer
   845 | D        | Noticed a vampire
   845 | D        | Noticed a necrophage
   845 | D        | Noticed a vampire mage
   845 | D        | Noticed a necromancer
   845 | D        | Noticed a vampire mage
   846 | D        | Noticed a ghoul
   849 | D        | Reached skill level 21 in Axes
   852 | D        | Killed a vampire mage
   852 | D        | Reached skill level 20 in Armour
   854 | D        | Killed a necromancer
   854 | D        | Reached XP level 11. HP: 62/82 MP: 4/4
   855 | D        | Killed a vampire
   857 | D        | Killed a necromancer
   858 | D        | Killed a necrophage
   859 | D        | Killed a vampire mage
   866 | D        | Killed a ghoul
   866 | D        | Reached skill level 22 in Axes
   867 | D        | Killed a vampire
   868 | D        | Killed a ghoul
   868 | D        | Reached skill level 21 in Armour
   908 | D        | Received a gift from Trog
  1042 | D        | Entered arena 13.
  1042 | D        | Noticed a wight
  1042 | D        | Noticed a vampire mage
  1044 | D        | Noticed a vampire mage
  1045 | D        | Noticed a shadow
  1045 | D        | Noticed a wight
  1047 | D        | Noticed a wight
  1047 | D        | Noticed a necromancer
  1047 | D        | Noticed a lich
  1048 | D        | Killed a wight
  1048 | D        | Reached skill level 1 in Shields
  1051 | D        | Killed a vampire mage
  1051 | D        | Reached skill level 5 in Shields
  1052 | D        | Killed a wight
  1054 | D        | Killed a shadow
  1054 | D        | Reached skill level 6 in Shields
  1055 | D        | Killed a wight
  1055 | D        | Killed a necromancer
  1055 | D        | Reached skill level 7 in Shields
  1056 | D        | Killed a vampire mage
  1056 | D        | Reached skill level 9 in Shields
  1059 | D        | Killed a lich
  1059 | D        | Reached skill level 11 in Shields
  1097 | D        | Received a gift from Trog
  1168 | D        | Entered arena 14.
  1169 | D        | Noticed an ice dragon
  1169 | D        | Noticed a shadow
  1169 | D        | Noticed a freezing wraith
  1169 | D        | Noticed a shadow
  1169 | D        | Noticed a blizzard demon
  1169 | D        | Noticed a wraith
  1170 | D        | Noticed a wight
  1170 | D        | Noticed a freezing wraith
  1170 | D        | Noticed a shadow
  1175 | D        | Killed a wraith
  1180 | D        | Killed a wight
  1181 | D        | Killed a blizzard demon
  1181 | D        | Killed a shadow
  1182 | D        | Killed a shadow
  1182 | D        | Reached skill level 23 in Axes
  1182 | D        | Killed a shadow
  1183 | D        | Killed a freezing wraith
  1184 | D        | Killed an ice dragon
  1184 | D        | Reached XP level 12. HP: 66/90 MP: 5/5
  1186 | D        | Killed a freezing wraith
  1188 | D        | Received a gift from Trog
  1199 | D        | Got the ring "Didoroto" {Int+5 Slay+4}
  1227 | D        | Received a gift from Trog
  1283 | D        | Entered arena 15.
  1283 | D        | Noticed a spriggan air mage
  1283 | D        | Noticed an air elemental
  1283 | D        | Noticed a storm dragon
  1284 | D        | Noticed a storm dragon
  1284 | D        | Noticed a wind drake
  1284 | D        | Noticed an air elemental
  1284 | D        | Noticed an air elemental
  1287 | D        | Killed an air elemental
  1287 | D        | Reached skill level 4 in Fighting
  1293 | D        | Killed an air elemental
  1296 | D        | Noticed an insubstantial wisp
  1296 | D        | Noticed an air elemental
  1296 | D        | Noticed an insubstantial wisp
  1299 | D        | Noticed a spriggan air mage
  1299 | D        | Killed a storm dragon
  1299 | D        | Reached skill level 8 in Fighting
  1300 | D        | HP: 24/103 [spriggan air mage/the air (6)]
  1302 | D        | Noticed a wind drake
  1302 | D        | Killed a spriggan air mage
  1302 | D        | Reached skill level 9 in Fighting
  1303 | D        | Noticed a spriggan air mage
  1304 | D        | Noticed a storm dragon
  1308 | D        | Killed a wind drake
  1308 | D        | Reached skill level 10 in Fighting
  1309 | D        | Killed an air elemental
  1313 | D        | Killed a storm dragon
  1313 | D        | Received a gift from Trog
  1313 | D        | Reached skill level 12 in Fighting
  1316 | D        | Killed a storm dragon
  1316 | D        | Reached skill level 14 in Fighting
  1318 | D        | Killed an air elemental
  1319 | D        | HP: 30/177 [wind drake/the air (18)]
  1320 | D        | Killed an insubstantial wisp
  1322 | D        | Killed an insubstantial wisp
  1324 | D        | Killed a spriggan air mage
  1324 | D        | Reached skill level 15 in Fighting
  1327 | D        | Killed a spriggan air mage
  1329 | D        | Killed a wind drake
  1338 | D        | Received a gift from Trog
  1684 | D        | Entered arena 16.
  1687 | D        | Noticed a soul eater
  1687 | D        | Noticed a shadow dragon
  1687 | D        | Noticed a soul eater
  1689 | D        | Noticed a soul eater
  1690 | D        | Noticed a soul eater
  1699 | D        | HP: 30/122 [soul eater/drain life (9)]
  1700 | D        | Killed a soul eater
  1700 | D        | Reached skill level 3 in Evocations
  1702 | D        | Killed a shadow dragon
  1702 | D        | Reached skill level 6 in Evocations
  1704 | D        | Killed a soul eater
  1704 | D        | Reached skill level 7 in Evocations
  1706 | D        | Killed a soul eater
  1706 | D        | Reached skill level 8 in Evocations
  1706 | D        | Reached XP level 13. HP: 54/128 MP: 5/21
  1706 | D        | Killed a soul eater
  1706 | D        | Reached skill level 9 in Evocations
  1728 | D        | Got the +7 battleaxe "Shroisev" {vamp, +Fly}
  1949 | D        | Received a gift from Trog
  1974 | D        | Entered arena 17.
  1976 | D        | Noticed a pearl dragon
  1977 | D        | Noticed an angel
  1978 | D        | Noticed an angel
  1979 | D        | Noticed a pearl dragon
  1979 | D        | Noticed a cherub
  1981 | D        | Noticed an ophan
  1981 | D        | Noticed an apis
  1988 | D        | Killed an angel
  1988 | D        | Reached skill level 16 in Fighting
  1989 | D        | Killed an angel
  1989 | D        | Reached skill level 17 in Fighting
  1990 | D        | Noticed a cherub
  1990 | D        | HP: 18/132 [pearl dragon/blast of cleansing flame (40)]
  1991 | D        | HP: 2/132 [pearl dragon/blast of cleansing flame (25)]
  1992 | D        | Killed a cherub
  1997 | D        | HP: 20/132 [pearl dragon/blast of cleansing flame (34)]
  1997 | D        | HP: 5/132 [apis (15)]
  1997 | D        | Killed an ophan
  1998 | D        | Killed from afar by a pearl dragon

Vanquished Creatures
  A lich (D)
  3 storm dragons (D)
  A shadow dragon (D)
  An angel (D)
  A ghoul (D)
  A blizzard demon (D)
  An ice dragon (D)
  3 spriggan air magi (D)
  An orc high priest (D)
  3 vampire magi (D)
  3 soul eaters (D)
  An ice devil (D)
  A deep elf summoner (D)
  A necromancer (D)
  A sixfirhy (D)
  2 draconians (D)
  2 freezing wraiths (D)
  2 wind drakes (D)
  5 spriggans (D)
  2 vampires (D)
  3 shadows (D)
  2 golden eyes (D)
  A wraith (D)
  A deep elf fighter (D)
  4 air elementals (D)
  4 wolves (D)
  A warg (D)
  2 black bears (D)
  A porcupine (D)
  2 yellow wasps (D)
  2 phantoms (D)
  3 necrophages (D)
  2 orc warriors (D)
  2 insubstantial wisps (D)
  6 wights (D)
  A crimson imp (D)
  A quasit (D)
  3 iguanas (D)
  2 orc priests (D)
  An iron imp (D)
  3 orc wizards (D)
  A mummy (D)
  3 green rats (D)
  A white imp (D)
  An ufetubus (D)
  2 spectral adders (D)
  3 adder skeletons (D)
  2 adder zombies (D)
  An ooze (D)
  An orc (D)
  4 bat skeletons (D)
  2 bat zombies (D)
  A giant cockroach zombie (D)
  2 giant gecko zombies (D)
  2 giant newt skeletons (D)
  A giant newt zombie (D)
  A goblin zombie (D)
  A hobgoblin skeleton (D)
  A kobold skeleton (D)
  A quokka skeleton (D)
  2 spectral kobolds (D)
116 creatures vanquished.

Vanquished Creatures (collateral kills)
  An orc warlord (D)
  An angel (D)
  A ghoul (D)
  An ophan (D)
  A vampire mage (D)
  A soul eater (D)
  A cherub (D)
  2 necromancers (D)
  An orc knight (D)
  An orc sorcerer (D)
  A draconian (D)
  An orange demon (D)
  A troll (D)
  A slime creature (D)
  A spriggan (D)
  A shadow (D)
  A neqoxec (D)
  A wolf (D)
  A black bear (D)
  A necrophage (D)
  2 orcs (D)
23 creatures vanquished.

Vanquished Creatures (others)
  A sun demon (D)
  2 hill giants (D)
  A sixfirhy (D)
  A smoke demon (D)
  A hellwing (D)
  A troll (D)
  A neqoxec (D)
8 creatures vanquished.

Grand Total: 147 creatures vanquished
